Map: 로맨티사이드 - 래더

Players

DPGZest (Zest) - Winner!

  • Race: Protoss Protoss
  • Spawn Location: 5:00

GunGFuBanDa

  • Race: Protoss Protoss
  • Spawn Location: 11:00

Event: StayAtHome Story Cup #3

VOD

Have the link to the VOD?

Description

Time

  • Played on: March 11, 2021, 8:12 a.m.
  • Length: 5:10

All games in this series

Show
View Real Time Build Order
Export as new Build Order

DPGZest Protoss - Winner!

Build Orders: Phoenix Opening, Dark Templar Rush 

Get SALT Encoding   

  12  0:00  Probe  
  13  0:12  Probe  
  14  0:17  Pylon  
  14  0:24  Probe (Chrono Boost)  
  15  0:36  Probe (Chrono Boost), Gateway  
  16  0:44  Probe (Chrono Boost)  
  16  0:46  Assimilator  
  17  0:51  Probe  
  18  1:03  Probe (Chrono Boost)  
  19  1:04  Assimilator  
  19  1:10  Gateway  
  19  1:12  Probe (Chrono Boost)  
  19  1:17  Probe (Chrono Boost)  
  20  1:24  Cybernetics Core  
  21  1:29  Probe  
  22  1:35  Pylon  
  22  1:41  Probe  
  23  1:53  Probe  
  24  2:00  Stalker x2  
  24  2:01  Warp Gate  
  28  2:13  Pylon  
  28  2:30  Sentry  
  28  2:36  Sentry  
  32  2:42  Nexus  
  32  2:45  Probe  
  33  2:58  Twilight Council  
  33  2:59  Probe  
  33  3:04  Phoenix  
  34  3:05  Shield Battery  
  34  3:13  Pylon  
  34  3:14  Probe  
  35  3:26  Probe  
  36  3:35  Dark Shrine  
  36  3:38  Probe (Chrono Boost)  
  37  3:44  Phoenix  
  37  3:45  Gateway  
  37  3:51  Probe (Chrono Boost)  
  39  3:56  Probe (Chrono Boost)  
  39  4:00  Probe (Chrono Boost)  
  41  4:03  Probe (Chrono Boost), Forge  
  41  4:08  Probe x2 (Chrono Boost)  
  42  4:16  Assimilator  
  43  4:20  Probe x2 (Chrono Boost)  
  45  4:29  Probe x2 (Chrono Boost)  
  47  4:34  Probe (Chrono Boost)  
  47  4:35  Probe  
  49  4:46  Probe  
  49  4:47  Probe, Dark Templar x3  
  57  4:53  Pylon  
  57  4:56  Assimilator  
  57  4:58  Pylon  
  59  5:03  Pylon  
Show
View Real Time Build Order
Export as new Build Order

GunGFuBanDa Protoss 

Build Orders:  

Get SALT Encoding   

  12  0:00  Probe  
  13  0:12  Probe  
  14  0:17  Pylon  
  14  0:24  Probe (Chrono Boost)  
  16  0:37  Probe (Chrono Boost), Gateway  
  16  0:43  Probe (Chrono Boost)  
  16  0:46  Assimilator  
  17  0:51  Probe  
  18  1:01  Assimilator  
  18  1:03  Probe (Chrono Boost)  
  19  1:10  Gateway  
  19  1:13  Probe (Chrono Boost)  
  19  1:18  Probe (Chrono Boost)  
  20  1:25  Cybernetics Core  
  21  1:29  Probe  
  22  1:41  Probe  
  22  1:43  Pylon  
  23  2:01  Probe  
  24  2:02  Sentry, Stalker  
  24  2:03  Warp Gate  
  28  2:13  Probe  
  29  2:16  Pylon  
  29  2:26  Pylon  
  29  2:32  Stalker  
  29  2:34  Sentry  
  33  2:49  Nexus  
  33  2:56  Probe (Chrono Boost)  
  34  3:07  Probe (Chrono Boost)  
  34  3:08  Shield Battery  
  34  3:12  Probe (Chrono Boost)  
  35  3:20  Pylon  
  35  3:22  Probe  
  36  3:34  Probe (Chrono Boost), Twilight Council  
  37  3:45  Forge  
  37  3:46  Probe (Chrono Boost)  
  38  3:51  Probe (Chrono Boost)  
  38  3:53  Sentry x2  
  43  4:01  Probe (Chrono Boost)  
  45  4:06  Probe (Chrono Boost)  
  46  4:10  Probe (Chrono Boost)  
  46  4:15  Probe x2 (Chrono Boost)  
  48  4:27  Probe (Chrono Boost)  
  48  4:31  Probe (Chrono Boost), Assimilator  
  50  4:34  Probe (Chrono Boost)  
  50  4:37  Probe (Chrono Boost)  
  52  4:41  Probe  
  52  4:45  Nexus  
  53  4:48  Pylon  
  53  4:49  Probe  
  54  4:53  Probe  
  55  5:01  Gateway  
Tags
 
Add a new tag
Caveats
  • Supply blocks, unpowered buildings, or Contaminate may cause inaccurate times.
  • Supply counts are checked every 10 seconds.